 Dungeon Crawl Stone Soup version 0.26-a0-712-ga5a9c9c9d0 (webtiles) character file.

Game seed: 9764094356447074248

(classic levelgen) 245878 EnegeticOcto the Severer (level 18, -28/172 HPs)
             Began as a Deep Dwarf Fighter on Nov 5, 2020.
             Was the Champion of Makhleb.
             Killed from afar by a storm dragon (29 damage)
             ... with a bolt of lightning
             ... on level 1 of the Realm of Zot.
             The game lasted 00:17:24 (15474 turns).

EnegeticOcto the Severer (Deep Dwarf Fighter)      Turns: 15474, Time: 00:17:24

Health: -28/172    AC: 33    Str: 30    XL:     18   Next: 28%
Magic:  0/17       EV: 12    Int: 10    God:    Makhleb [******]
Gold:   272        SH: 16    Dex: 12    Spells: 17/17 levels left

rFire    + + .     SeeInvis .   z - +3 broad axe (elec)
rCold    + . .     Faith    .   E - +2 kite shield
rNeg     + . .     Spirit   +   T - +4 plate armour {rC+}
rPois    +         Reflect  .   t - +2 helmet
rElec    .         Harm     .   P - +0 cloak
rCorr    .         Rampage  .   w - +2 pair of gloves
MR       ++...                  p - +2 pair of boots
Stlth    ..........             n - amulet of Afryr {Spirit rF++ Str+3}
HPRegen  0.00/turn              g - +4 ring of slaying
MPRegen  0.15/turn              b - ring of poison resistance

@: non-regenerating, slowed, very slow
A: damage resistance, heal wounds, blurry vision 1, negative energy resistance
1, sense surroundings 3, no regeneration
}: 3/15 runes: decaying, abyssal, gossamer
a: Heal Wounds, Minor Destruction, Lesser Servant of Makhleb, Major Destruction,
Greater Servant of Makhleb, Renounce Religion


You were on level 1 of the Realm of Zot.
You worshipped Makhleb.
Makhleb was exalted by your worship.
You visited 8 branches of the dungeon, and saw 34 of its levels.
You visited the Abyss 1 time.
You also visited: Ossuary, Bailey and Gauntlet.

You collected 1872 gold pieces.
You spent 1600 gold pieces at shops.

Inventory:

Hand Weapons
 z - a +3 broad axe of electrocution (weapon)
 J - a +1 dagger of distortion
Missiles
 h - 4 throwing nets (quivered)
Armour
 p - a +2 pair of boots (worn)
 t - a +2 helmet (worn)
 w - a +2 pair of gloves (worn)
 y - the +15 Maxwell's patent armour {-Cast -Tele rElec MR+ rCorr}
   (You found it on level 9 of the Dungeon)

   It insulates you from electricity.
   It affects your resistance to hostile enchantments.
   It prevents spellcasting.
   It prevents most forms of teleportation.
   It provides partial protection from all sources of acid and corrosion.
 E - a +2 kite shield (worn)
 P - a +0 cloak (worn)
 T - a +4 plate armour of cold resistance (worn)
 V - the +6 chain mail of the Dwarven Hall {rC+ MR+ Str-3}
   (You found it on level 4 of the Abyss)

   It affects your strength (-3).
   It protects you from cold.
   It affects your resistance to hostile enchantments.
Jewellery
 b - a ring of poison resistance (right hand)
 e - an uncursed amulet of reflection
 g - a +4 ring of slaying (left hand)
 n - the amulet of Afryr (around neck) {Spirit rF++ Str+3}
   (You found it on level 8 of the Dungeon)

   [amulet of guardian spirit]

   It causes incoming damage to be split between your health and magic.
   It affects your strength (+3).
   It greatly protects you from fire.
 r - a +4 ring of protection
 u - an uncursed ring of protection from fire
 B - a cursed ring of teleportation
 M - the ring of the Scavenger {*Slow +Blink +Fly rElec Stlth+}
   (You found it in a Gauntlet)

   [ring of flight]

   It insulates you from electricity.
   It lets you fly.
   It lets you blink.
   It may slow you when you take damage.
   It makes you more stealthy.
 N - an uncursed ring of resist corrosion
 S - an uncursed ring of ice {unknown}
 U - an uncursed ring of ice {unknown}
Wands
 f - a wand of polymorph (26)
 k - a wand of acid (24) {@v1}
 I - a wand of digging (9) {@v3}
 K - a wand of iceblast (12) {@v2}
Scrolls
 a - 2 scrolls of holy word
 i - 6 scrolls of teleportation {@r3}
 m - 9 scrolls of remove curse {@r2}
 x - 3 scrolls of immolation {@r4}
 A - 6 scrolls of identify {@r1}
 C - 2 scrolls of vulnerability
 D - 2 scrolls of fog
 F - 2 scrolls of blinking
 O - a scroll of brand weapon
 Q - 4 scrolls of magic mapping {@r5}
 R - a scroll of noise
Potions
 d - 4 potions of might {@q3}
 j - 5 potions of magic
 l - 10 potions of curing {@q1}
 o - 5 potions of lignification
 q - 5 potions of ambrosia
 v - 3 potions of haste {@q4}
 G - a potion of heal wounds {@q2}
 H - 4 potions of brilliance
 L - 2 potions of flight
 W - a potion of berserk rage {unknown}
Miscellaneous
 c - a phantom mirror
 s - a box of beasts (inert)


   Skills:
 * Level 13.4 Fighting
 - Level 18.0 Axes
 + Level 14.6 Armour
 * Level 8.0 Dodging
 + Level 14.6 Shields
 + Level 16.3 Invocations
 - Level 10.0 Evocations


You had 17 spell levels left.
You didn't know any spells.
Your spell library was empty.

Dungeon Overview and Level Annotations

Branches:
Dungeon (15/15)            Temple (1/1) D:4            Lair (2/6) D:9
  Swamp (4/4) Lair:2       Spider (4/4) Lair:2          Orc (2/2) D:10
    Elf (0/3) Orc:2        Depths (5/5) D:15            Zot (1/5) Depths:5
Ossuary (visited)          Bailey (visited)         Gauntlet (visited)
 Vaults: D:13-14

Altars:
Ashenzari
Cheibriados
Dithmenos
Elyvilon
Fedhas
Gozag
Hepliaklqana
Kikubaaqudgha
Makhleb
Nemelex Xobeh
Okawaru
Qazlal
Ru
Sif Muna
Trog
Uskayaw
Vehumet
Wu Jian
Xom
Yredelemnul
Zin
The Shining One
Jiyva

Shops:
D:10 ?:*:   Depths:1 *

Portals:
Hell: Depths:1

Annotations:
Lair:2 3 runed translucent doors, psellion's ghost, journeyman KoIE
Swamp:2 Buonn's ghost, journeyman DDFi
Swamp:4 1 transporter


Innate Abilities, Weirdness & Mutations

You are resistant to damage.
You can heal yourself by infusing magical energy.
You resist negative energy. (rN+)
You passively map a large area around you.
You do not regenerate.
Scrolls take you a little longer to read.


Message History

The storm dragon bites your juvenile oxsting beast but does no damage.
The storm dragon claws your juvenile oxsting beast.
The storm dragon tramples your juvenile oxsting beast!
Your juvenile oxsting beast holds its ground!
Your juvenile oxsting beast dies!
Your juvenile oxsting beast's corpse disappears in a puff of smoke!
The red draconian shifter hits your Executioner with a cursed -1 short sword.
The komodo dragon bites your Executioner but does no damage.
Your juvenile oxweird beast hits the green draconian.
Your juvenile oxweird beast tramples the green draconian.
The green draconian holds its ground!
The green draconian dies!
Makhleb accepts your kill.
The black draconian monk hits your Executioner!
The black draconian monk kicks your Executioner.
The black draconian monk tail-slaps your Executioner!
The death cob hits you but does no damage.
Your mature firesting beast hits the death cob!!
Your mature firesting beast stings the death cob but does no damage.
Your Executioner gestures at the black draconian monk.
The black draconian monk writhes in agony.
The komodo dragon completely misses your Executioner.
The black draconian monk hits your Executioner!
The black draconian monk misses your Executioner.
The black draconian monk tail-slaps your Executioner!
Your juvenile oxweird beast hits the death cob but does no damage.
Your juvenile oxweird beast tramples the death cob but does no damage.
Your juvenile oxweird beast grabs the death cob.
Your juvenile oxweird beast constricts the death cob.
You feel much better.
Your Executioner completely misses the black draconian monk. x2
Your Executioner hits the black draconian monk.
The death cob hits you!! The death cob drains your vigour!
You feel as though you will be slow longer.
Your Executioner misses the black draconian monk.
Your Executioner closely misses the black draconian monk. x2
The death cob hits you.
Your Executioner gestures at the black draconian monk.
The black draconian monk writhes in agony!
You block the death cob's attack.
The storm dragon breathes lightning at you.
The bolt of lightning hits you!!
* * * LOW HITPOINT WARNING * * *
Your mature firesting beast barely misses the death cob.
Your mature firesting beast stings the death cob but does no damage.
Your Executioner gestures at the black draconian monk.
The black draconian monk writhes in agony.
The electric golem blinks!
The death cob closely misses you.
Your juvenile oxweird beast hits the death cob!
Your juvenile oxweird beast tramples the death cob but does no damage.
Your juvenile oxweird beast constricts the death cob.
The black draconian monk barely misses your Executioner.
The black draconian monk kicks your Executioner but does no damage.
The black draconian monk tail-slaps your Executioner!
The komodo dragon completely misses your Executioner.
The storm dragon bites you but does no damage.
You block the storm dragon's attack. x2
Your mature firesting beast barely misses the death cob.
Your mature firesting beast stings the death cob but does no damage.
You feel much better.
Your Executioner gestures at the black draconian monk.
The black draconian monk writhes in agony.
You block the death cob's attack.
Your Executioner misses the black draconian monk.
Your Executioner hits the black draconian monk but does no damage.
Your Executioner hits the black draconian monk.
You block the death cob's attack.
Your Executioner gestures at the black draconian monk.
The black draconian monk resists with significant effort.
A moth of wrath comes into view.
The death cob barely misses you.
Your Executioner closely misses the black draconian monk.
Your Executioner hits the black draconian monk.
Your Executioner barely misses the black draconian monk.
The red draconian shifter barely misses your mature firesting beast.
Your juvenile oxweird beast hits the death cob.
Your juvenile oxweird beast tramples the death cob but does no damage.
Your juvenile oxweird beast constricts the death cob!
The black draconian monk breathes lightning at you.
The bolt of lightning hits your Executioner.
Your Executioner resists.
The bolt of lightning hits the tentacled monstrosity!
The tentacled monstrosity resists.
The bolt of lightning hits your juvenile oxweird beast!!!
Your juvenile oxweird beast dies!
Your juvenile oxweird beast's corpse disappears in a puff of smoke!
The bolt of lightning misses you. The bolt of lightning hits you!!!
* * * LOW HITPOINT WARNING * * *
The bolt of lightning hits your mature firesting beast!
The komodo dragon bites your Executioner!!
Your Executioner dies!
The black draconian breathes lightning at you.
The bolt of lightning hits the komodo dragon!!
The bolt of lightning hits you!
* * * LOW HITPOINT WARNING * * *
The bolt of lightning hits you!!
* * * LOW HITPOINT WARNING * * *
The storm dragon breathes lightning at you.
The bolt of lightning hits you!!
You die...

* * *, , *
** , ,, ..y
* , * ** ,
* !... * *
**#####....
*, ,* , ,
#...qdk.. ,
, *
#.ll.qd.. *
, , * >
#.DX.l...,
, ,, ,
#.§!..... ,
, * ⌠
#@zq...§8,
, , , , *
#?DH######
* * , *
....## * ,
* ,,, ,
#...(#
#....# ,,,
###### , ,
*


You could see an electric golem, a tentacled monstrosity (unaware), a black
draconian monk (catching breath), a storm dragon (catching breath), a black
draconian (catching breath), a purple draconian, a red draconian shifter, a
death cob (unaware), a quicksilver dragon, a green draconian stormcaller, a moth
of wrath, 3 komodo dragons, a swamp drake (summoned) and a friendly mature
firesting beast (summoned).

Vanquished Creatures
  An ancient lich (Abyss:4)
  Rupert (D:12)
  A titan (Depths:5)
  A tentacled starspawn (Abyss:4)
  Frances (Swamp:2)
  3 thorn hunters
  A tengu reaver (Depths:2)
  A sphinx (Depths:3)
  Donald (Swamp:2)
  Kirke (Swamp:2)
  A storm dragon (Depths:5)
  3 fire giants
  5 ghost moths
  6 emperor scorpions
  A draconian stormcaller (Abyss:4)
  3 very ugly things
  A stone giant (Depths:1)
  2 entropy weavers
  A reaper (Abyss:4)
  A green draconian (Depths:5)
  3 spark wasps
  A minotaur (Gauntlet)
  A red draconian (Depths:5)
  Snorg (D:11)
  An ettin (Depths:4)
  A fire dragon (Depths:5)
  A green death (Abyss:4)
  3 yaktaur captains
  2 ogre magi
  Erolcha (D:13)
  12 hydras
  3 boulder beetles
  2 ghost crabs
  2 spriggan air magi
  A rakshasa (Depths:2)
  A shambling mangrove (Swamp:1)
  4 centaur warriors
  7 two-headed ogres
  4 alligators
  A thrashing horror (Abyss:4)
  Urug (D:11)
  Nergalle (D:12)
  A soul eater (Gauntlet)
  2 starcursed masses (Abyss:4)
  A wretched star (Abyss:4)
  A spatial maelstrom (Abyss:4)
  3 unseen horrors
  A wizard (Gauntlet)
  8 swamp dragons (Swamp:4)
  A glowing orange brain (Abyss:4)
  2 spriggan druids (Swamp:4)
  A harpy (shapeshifter) (Depths:1)
  3 orc knights
  8 large abominations
  13 orb spiders
  A shining eye (shapeshifter) (Abyss:4)
  2 manticores
  15 ugly things
  A wolf spider (shapeshifter) (Depths:5)
  4 orc sorcerers
  20 wolf spiders
  2 deep elf magi (D:15)
  A moth of wrath (Swamp:4)
  2 draconians (Abyss:4)
  2 cyclopes
  4 smoke demons (Abyss:4)
  A torpor snail (Spider:4)
  4 cane toads (Lair:2)
  A rime drake (Lair:1)
  A rime drake (shapeshifter) (Abyss:4)
  10 yaktaurs
  2 kobold demonologists (D:10)
  A tormentor (Abyss:4)
  10 demonic crawlers
  2 tengu conjurers
  A jumping spider (shapeshifter) (D:15)
  A queen bee (D:11)
  2 ancient zymes (Abyss:4)
  35 jumping spiders
  6 tyrant leeches
  22 slime creatures
  A troll (Orc:1)
  A polar bear (Lair:1)
  12 hornets
  4 bog bodies
  3 blink frogs (Swamp:2)
  46 redbacks
  2 spriggans (Swamp:2)
  A flying skull (Abyss:4)
  15 tarantellas
  4 wyverns
  2 wraiths (D:15)
  4 shadows
  A ynoxinul (Abyss:4)
  A human (shapeshifter) (Abyss:4)
  A hog (Swamp:2)
  2 steam dragons (D:7)
  2 chaos spawn (Abyss:4)
  18 vampire mosquitoes
  9 swamp worms
  A warg (Orc:2)
  An acid dragon (shapeshifter) (Abyss:4)
  2 acid dragons
  A soldier ant (Spider:4)
  5 insubstantial wisps (Swamp:3)
  3 water moccasins
  4 swamp drakes (Swamp:4)
  23 orc warriors
  A swamp drake (shapeshifter) (Abyss:4)
  A sky beast (shapeshifter) (Abyss:4)
  A necrophage (D:9)
  3 eyes of draining
  3 ice beasts
  6 sky beasts
  3 black bears
  13 ogres
  A wolf (shapeshifter) (Abyss:4)
  A tengu (shapeshifter) (Abyss:4)
  9 wolves (Lair:2)
  10 centaurs
  A centaur (shapeshifter) (Abyss:4)
  15 bullfrogs
  7 big kobolds
  A wyvern zombie (D:13)
  10 small abominations
  3 scorpions
  31 killer bees (D:11)
  4 howler monkeys
  11 wights
  An electric eel (Spider:4)
  2 bullfrog zombies
  A jelly (D:12)
  2 quasits
  11 hounds
  15 orc priests
  3 bullfrog skeletons
  2 centaur skeletons
  A gnoll shaman (Orc:2)
  4 iguanas
  18 orc wizards
  Natasha (D:2)
  33 worker ants
  A killer bee zombie (D:5)
  A hound skeleton (D:5)
  13 mummies (Ossuary)
  A howler monkey skeleton (D:8)
  13 gnolls
  An adder (shapeshifter) (Abyss:4)
  9 adders
  A river rat (shapeshifter) (Abyss:4)
  4 shadow imps
  5 white imps
  2 ufetubi
  2 oozes
  An adder zombie (D:7)
  3 worms
  2 dart slugs
  4 leopard geckos
  53 orcs
  3 giant cockroaches
  5 goblins
  3 hobgoblins
  11 jackals
  5 quokkas
  A quokka (shapeshifter) (Abyss:4)
  4 bats
  A frilled lizard (D:3)
  A goblin skeleton (Ossuary)
  A jackal skeleton (D:5)
  A jackal zombie (D:9)
  26 kobolds
  3 kobold skeletons (Ossuary)
  4 orc skeletons (Ossuary)
  A quokka skeleton (D:5)
  A quokka zombie (D:7)
  A rat (shapeshifter) (Abyss:4)
  6 rats
  11 rat skeletons (Ossuary)
  3 briar patches (Swamp:4)
  A lurking horror (Abyss:4)
  2 starspawn tentacles (Abyss:4)
897 creatures vanquished.

Vanquished Creatures (collateral kills)
  Arachne (Spider:2)
  A bone dragon (Depths:5)
  A quicksilver dragon (Abyss:4)
  A draconian knight (Depths:5)
  An orc warlord (Bailey)
  A ghost moth (Spider:4)
  A draconian stormcaller (Abyss:4)
  An emperor scorpion (Spider:3)
  A stone giant (Depths:5)
  2 green draconians
  A spark wasp (Spider:4)
  A two-headed ogre (D:8)
  An alligator (Swamp:4)
  A tengu warrior (D:11)
  4 orb spiders
  A faun (shapeshifter) (Depths:5)
  2 wolf spiders
  Maurice (D:11)
  A cane toad (Swamp:3)
  2 demonic crawlers
  A tormentor (Abyss:4)
  An ancient zyme (Abyss:4)
  9 jumping spiders
  A troll (Orc:1)
  A hornet (Spider:4)
  3 slime creatures (Swamp:4)
  A bog body (Swamp:4)
  15 redbacks
  4 tarantellas
  A soldier ant (D:8)
  An insubstantial wisp (Swamp:3)
  A swamp drake (Swamp:2)
  A bullfrog skeleton (D:8)
  A worker ant (D:8)
  A gnoll (Bailey)
  An ufetubus (D:8)
  An adder skeleton (D:8)
70 creatures vanquished.

Vanquished Creatures (others)
  A purple draconian (Depths:5)
  A spriggan (Swamp:2)
  A cane toad (Swamp:2)
  A hornet (Swamp:2)
  2 humans (Swamp:2)
  5 briar patches (Swamp:4)
  7 fungi
  21 plants
39 creatures vanquished.

Grand Total: 1006 creatures vanquished

Notes
Turn   | Place    | Note
-------+----------+-------------------------------------------
     0 | D:1      | EnegeticOcto the Deep Dwarf Fighter began the quest for the
                  | Orb.
     0 | D:1      | Reached XP level 1. HP: 20/20 MP: 1/1
    93 | D:2      | Reached XP level 2. HP: 20/27 MP: 2/2
   101 | D:2      | Noticed Natasha
   105 | D:2      | Killed Natasha
   105 | D:2      | Reached skill level 3 in Axes
   105 | D:2      | Reached XP level 3. HP: 25/34 MP: 3/3
   428 | D:3      | Reached XP level 4. HP: 36/42 MP: 4/4
   815 | D:4      | Noticed an ogre
   824 | D:4      | Killed an ogre
   824 | D:4      | Reached skill level 4 in Axes
   824 | D:4      | Reached XP level 5. HP: 21/49 MP: 4/4
   854 | D:4      | Found a staircase to the Ecumenical Temple.
   878 | Temple   | Entered the Ecumenical Temple
   906 | Temple   | Became a worshipper of Makhleb the Destroyer
  1437 | D:5      | Entered Level 5 of the Dungeon
  1444 | D:5      | Noticed a centaur
  1447 | D:5      | Reached XP level 6. HP: 38/56 MP: 4/4
  1450 | D:5      | Reached skill level 5 in Axes
  1450 | D:5      | Reached skill level 1 in Invocations
  1472 | D:5      | Reached XP level 7. HP: 37/63 MP: 6/6
  1599 | D:5      | Reached skill level 5 in Armour
  1599 | D:5      | Reached skill level 5 in Shields
  1639 | D:5      | Reached skill level 6 in Axes
  1919 | D:5      | Reached XP level 8. HP: 35/73 MP: 8/8
  1954 | D:5      | Reached * piety under Makhleb
  2326 | D:6      | Reached skill level 7 in Axes
  2540 | D:6      | Found a blossoming altar of Fedhas.
  2687 | D:6      | Reached skill level 5 in Fighting
  2793 | D:6      | Reached ** piety under Makhleb
  2843 | D:6      | Reached skill level 5 in Invocations
  2897 | D:6      | Reached skill level 8 in Axes
  2897 | D:6      | Gained mutation: You passively map the area around you.
                  | [Deep Dwarf growth]
  2897 | D:6      | Reached XP level 9. HP: 75/81 MP: 8/8
  3650 | D:8      | Found an iron altar of Okawaru.
  3749 | D:8      | Reached skill level 9 in Axes
  3835 | D:8      | Found a transporter.
  3837 | D:8      | Noticed a two-headed ogre
  4006 | D:8      | Found a sand-covered staircase.
  4067 | Ossuary  | Entered an ossuary
  4098 | Ossuary  | Reached *** piety under Makhleb
  4428 | D:8      | Found a transporter.
  4469 | D:8      | Killed a two-headed ogre
  4469 | D:8      | Reached XP level 10. HP: 40/91 MP: 11/11
  4482 | D:8      | Got a smoking bone amulet
  4500 | D:8      | Identified Sif Muna's Grimoire of Ashen Weightlessness
  4517 | D:8      | Identified the amulet of Afryr {Spirit rF++ Str+3} (You
                  | found it on level 8 of the Dungeon)
  4656 | D:9      | Reached **** piety under Makhleb
  4656 | D:9      | Reached skill level 10 in Axes
  4731 | D:9      | Found the +15 Maxwell's patent armour {-Cast -Tele rElec
                  | MR+ rCorr}
  5470 | D:9      | Found a staircase to the Lair.
  5497 | D:10     | Entered Level 10 of the Dungeon
  5660 | D:10     | Found Ecitar's Assorted Antiques.
  5683 | D:10     | Bought a scroll labeled JUGILA ATREALY for 27 gold pieces
  5683 | D:10     | Bought a shiny kite shield for 202 gold pieces
  5759 | D:10     | Reached skill level 11 in Axes
  5791 | D:10     | Found a staircase to the Orcish Mines.
  5856 | D:10     | Reached ***** piety under Makhleb
  5907 | D:10     | Reached XP level 11. HP: 100/100 MP: 13/13
  6017 | D:10     | Found Vyjeram's Book Boutique.
  6162 | D:10     | Found Loh Kuin's Book Boutique.
  6394 | D:10     | Found Wanyz's Magic Scroll Boutique.
  6482 | Orc:1    | Entered Level 1 of the Orcish Mines
  6483 | Orc:1    | Noticed an orc sorcerer
  6491 | Orc:1    | Killed an orc sorcerer
  6519 | Orc:1    | Found a flagged portal.
  6529 | Bailey   | Entered a bailey
  6534 | Bailey   | Noticed an orc warlord
  6575 | Bailey   | Found a runed translucent gate.
  6575 | Bailey   | Found a runed translucent gate.
  6575 | Bailey   | Found a runed translucent gate.
  6662 | Bailey   | Killed an orc warlord
  6690 | Bailey   | Reached skill level 14 in Axes
  6690 | Bailey   | Reached XP level 12. HP: 88/109 MP: 14/14
  6691 | Bailey   | Reached skill level 16 in Axes
  6691 | Bailey   | Reached XP level 13. HP: 93/115 MP: 15/15
  7081 | Orc:2    | Entered Level 2 of the Orcish Mines
  7081 | Orc:2    | Found a staircase to the Elven Halls.
  7593 | D:10     | Bought a scroll of acquirement for 832 gold pieces
  7593 | D:10     | Acquired a +0 broad axe of electrocution
  7691 | D:11     | Noticed Maurice
  7740 | D:11     | Killed Maurice
  7760 | D:11     | Noticed Urug
  7767 | D:11     | Killed Urug
  7792 | D:11     | Noticed Snorg
  7797 | D:11     | Killed Snorg
  7901 | D:11     | Reached skill level 17 in Axes
  7905 | D:11     | Reached skill level 10 in Invocations
  8226 | D:11     | Gained mutation: You resist negative energy. (rN+) [Deep
                  | Dwarf growth]
  8226 | D:11     | Reached XP level 14. HP: 126/126 MP: 17/17
  8639 | D:12     | Noticed Sonja
  8652 | D:12     | Noticed Sonja
  8652 | D:12     | Sonja changed into Sonja the acid dragon
  8664 | D:12     | Killed Sonja the acid dragon
  8665 | D:12     | Noticed Nergalle
  8694 | D:12     | Killed Nergalle
  8694 | D:12     | Reached skill level 10 in Shields
  8742 | D:12     | Reached skill level 1 in Evocations
  8742 | D:12     | Reached ****** piety under Makhleb
  8864 | D:12     | Noticed Rupert
  8876 | D:12     | Reached skill level 10 in Armour
  8882 | D:12     | Killed Rupert
  9241 | D:13     | Noticed Erolcha
  9248 | D:13     | Killed Erolcha
  9348 | D:14     | Found a gate leading to a gauntlet.
  9360 | Gauntlet | Entered a Gauntlet
  9360 | Gauntlet | Found a transporter.
  9360 | Gauntlet | Found a transporter.
  9370 | Gauntlet | Found a transporter.
  9370 | Gauntlet | Found a transporter.
  9387 | Gauntlet | Got an ancient wooden ring
  9388 | Gauntlet | Identified the ring of the Scavenger {*Slow +Blink +Fly
                  | rElec Stlth+} (You found it in a Gauntlet)
  9396 | Gauntlet | Found a transporter.
  9406 | Gauntlet | Found a transporter.
  9413 | Gauntlet | Found a transporter.
  9435 | Gauntlet | Found a transporter.
  9584 | D:15     | Entered Level 15 of the Dungeon
  9704 | D:15     | Found a staircase to the Depths.
  9705 | D:15     | Noticed a fire giant
  9745 | D:15     | Reached skill level 18 in Axes
  9909 | Lair:1   | Entered Level 1 of the Lair of Beasts
 10044 | Lair:2   | Found a runed translucent gate.
 10044 | Lair:2   | Found a runed translucent gate.
 10044 | Lair:2   | Found a runed translucent gate.
 10046 | Lair:2   | Found a viscous altar of Jiyva.
 10046 | Lair:2   | Noticed psellion's ghost (journeyman KoIE)
 10048 | Lair:2   | Found a staircase to the Swamp.
 10099 | Lair:2   | Reached skill level 5 in Evocations
 10555 | Lair:2   | Found a hole to the Spider Nest.
 10695 | Spider:1 | Entered Level 1 of the Spider Nest
 10821 | Spider:1 | Reached XP level 15. HP: 136/136 MP: 19/19
 11097 | Spider:2 | Noticed Arachne
 11140 | Spider:2 | Killed Arachne
 11140 | Spider:2 | Reached skill level 10 in Fighting
 11421 | Spider:3 | Killed a ghost moth
 11438 | Spider:3 | Killed a ghost moth
 11608 | Spider:4 | Entered Level 4 of the Spider Nest
 11971 | Spider:4 | Reached XP level 16. HP: 148/148 MP: 8/20
 12167 | Spider:4 | Reached skill level 10 in Evocations
 12207 | Spider:4 | Got a gossamer rune of Zot
 12539 | Swamp:1  | Entered Level 1 of the Swamp
 12672 | Swamp:2  | Noticed Donald
 12695 | Swamp:2  | Killed Donald
 12734 | Swamp:2  | Noticed a thorn hunter
 12738 | Swamp:2  | Noticed Kirke
 12746 | Swamp:2  | Killed a thorn hunter
 12753 | Swamp:2  | Killed Kirke
 12769 | Swamp:2  | Noticed Frances
 12813 | Swamp:2  | Killed Frances
 12883 | Swamp:4  | Entered Level 4 of the Swamp
 12992 | Swamp:4  | Noticed a thorn hunter
 13000 | Swamp:4  | Killed a thorn hunter
 13090 | Swamp:4  | Found a transporter.
 13122 | Swamp:4  | Reached skill level 15 in Invocations
 13155 | Swamp:4  | Reached XP level 17. HP: 106/159 MP: 22/22
 13214 | Swamp:4  | Got a decaying rune of Zot
 13311 | Swamp:2  | Noticed Buonn's ghost (journeyman DDFi)
 13430 | D:9      | Cast into level 3 of the Abyss (unwielding a weapon of
                  | distortion)
 13432 | Abyss:4  | Found a corrupted altar of Lugonu.
 13435 | Abyss:4  | Identified the +6 chain mail of the Dwarven Hall {rC+ MR+
                  | Str-3} (You found it on level 4 of the Abyss)
 13439 | Abyss:4  | Gained mutation: You are clumsy. (Dex -2) [mutagenic glow]
 13454 | Abyss:4  | Gained mutation: You are frail. (-10% HP) [mutagenic glow]
 13463 | Abyss:4  | Gained mutation: You are weak. (Str -2) [mutagenic glow]
 13469 | Abyss:4  | Gained mutation: You are very frail. (-20% HP) [mutagenic
                  | glow]
 13489 | Abyss:4  | Gained mutation: Your magical capacity is low. (-10% MP)
                  | [mutagenic glow]
 13511 | Abyss:4  | Reached skill level 1 in Dodging
 13822 | Abyss:4  | Found a transporter.
 13870 | Abyss:4  | Noticed a quicksilver dragon
 13874 | Abyss:4  | Noticed an ancient lich
 13883 | Abyss:4  | Killed a quicksilver dragon
 13908 | Abyss:4  | Killed an ancient lich
 13914 | Abyss:4  | Found a transporter.
 13918 | Abyss:4  | Found a transporter.
 13920 | Abyss:4  | Got an abyssal rune of Zot
 13991 | D:9      | Escaped the Abyss
 13996 | D:9      | Reached skill level 5 in Dodging
 14006 | D:9      | Lost mutation: You are weak. (Str -2) [potion of mutation]
 14006 | D:9      | Lost mutation: You are very frail. (-20% HP) [potion of
                  | mutation]
 14006 | D:9      | Gained mutation: Scrolls take you a little longer to read.
                  | [potion of mutation]
 14006 | D:9      | Lost mutation: Your magical capacity is low. (-10% MP)
                  | [potion of mutation]
 14006 | D:9      | Lost mutation: You are clumsy. (Dex -2) [potion of
                  | mutation]
 14006 | D:9      | Lost mutation: You are frail. (-10% HP) [potion of
                  | mutation]
 14257 | Depths:1 | Entered Level 1 of the Depths
 14481 | D:10     | Bought a scroll of enchant weapon for 120 gold pieces
 14481 | D:10     | Bought a scroll of enchant weapon for 120 gold pieces
 14481 | D:10     | Bought a scroll of enchant weapon for 120 gold pieces
 14481 | D:10     | Bought a scroll of enchant armour for 120 gold pieces
 14861 | Depths:1 | Found a gateway to Hell.
 14872 | Depths:1 | Found a broken altar of Ashenzari.
 15002 | Depths:1 | Found Toiqojisch's General Store.
 15017 | Depths:1 | Bought a scroll of magic mapping for 59 gold pieces
 15163 | Depths:3 | Gained mutation: You passively map a large area around you.
                  | [Deep Dwarf growth]
 15163 | Depths:3 | Reached XP level 18. HP: 158/171 MP: 0/18
 15238 | Depths:5 | Entered Level 5 of the Depths
 15431 | Depths:5 | Noticed a bone dragon
 15433 | Depths:5 | Found a gate to the Realm of Zot.
 15453 | Depths:5 | Killed a bone dragon
 15467 | Zot:1    | Entered Level 1 of the Realm of Zot
 15468 | Zot:1    | Noticed a tentacled monstrosity
 15469 | Zot:1    | Noticed an electric golem
 15474 | Zot:1    | HP: 1/172 [black draconian/bolt of lightning (22)]
 15474 | Zot:1    | Killed from afar by a storm dragon

Illustrated notes

Levels and vault maps discovered:
D:1:      onia_arrival_handbag, layout_basic
D:2:      layout_loops_ring, serial_forest, infiniplex_forest_lined_2,
          infiniplex_forest_clump_small, infiniplex_forest_lined_2,
          infiniplex_forest_end_2, infiniplex_forest_lined_2,
          infiniplex_forest_end_double, infiniplex_forest_end_1,
          nicolae_ru_sacrificial_ziggurat, uniq_jessica, uniq_natasha
D:3:      layout_loops_corners, corexii_shack, tgw_xom
D:4:      layout_loops_ring, minmay_temple_entry_glassed_door,
          kennysheep_generic_room_12
D:5:      minmay_spotlight, layout_basic, minmay_crossroads
D:6:      layout_gridville, fedhas_altar_decomposition
D:7:      kennysheep_steamy, layout_basic
D:8:      gammafunk_the_bubble [the_bubble_gammafunk_plus_minus],
          layout_cave_pools, basic_altar, nicolae_ossuary_entry_monument
D:9:      layout_long_grid, grunt_lair_entry_orc_guard_hut,
          ebering_dispersal_statue_hall, minmay_fractal_squares_diagonal_5
D:10:     layout_small_grid, david_orc_4, serial_shops, nicolae_shop_stone,
          shop, nicolae_shop_window_shopping, nicolae_shop_waterfront
D:11:     regret_index_bee_streams, layout_stronghold, uniq_maurice, uniq_snorg,
          uniq_urug
D:12:     layout_rooms, chequers_serial_rivers_micro_a, nrook_campfire,
          blue_anna_alchemist [blue_anna_fruit_fields, blue_anna_fruit_fields],
          uniq_nergalle, uniq_rupert, uniq_sonja
D:13:     layout_rooms, serial_shops, shop, special_room [special_room_bee],
          uniq_erolcha, uniq_jorgrun
D:14:     layout_basic, hangedman_vaults_entry_quadrant_bands,
          minmay_misc_feat_x, gauntlet_entry_generic, serial_bayou_lagoon_a,
          nooodl_orcs_dogs
D:15:     grunt_enter_depths_giant_problem, layout_basic,
          grunt_decor_resistance, uniq_josephine
Temple:   dpeg_three_leaves_temple
Lair:1:   layout_chaotic_city, serial_bayou_lagoon_b, serial_bayou_shore_b,
          grunt_megastairs_5
Lair:2:   layout_hall_layers, swamp_mist, spider_nest_entry_a,
          gammafunk_ghost_ooze, beast_lair_carwin_9
Swamp:1:  layout_basic_swamp, hangedman_swamp_ruin_wall,
          infiniplex_staircase_pool
Swamp:2:  layout_falls_marsh, gammafunk_ghost_split, hangedman_swamp_lotus,
          uniq_frances, uniq_donald, uniq_kirke
Swamp:3:  layout_falls_marsh, nicolae_swamp_treefoil,
          nicolae_swamp_necromancer_hut
Swamp:4:  swamp_alternative, layout_basic_swamp,
          gammafunk_ghost_berserking_beasts, uniq_nikola
Spider:1: layout_spider_delve, uniq_aizul
Spider:2: layout_spider_delve, uniq_arachne
Spider:3: layout_spider_delve
Spider:4: spider_rune_water, minmay_another_anthill
Orc:1:    layout_caves, enter_bailey_4
Orc:2:    kennysheep_orc_mage_school, layout_caves
Depths:1: layout_honeycomb, hell_entry, serial_shops, shop,
          nicolae_ashenzari_panopticon
Depths:2: kennysheep_four_of_diamonds, layout_cave_pools, enter_ziggurat_e,
          hangedman_decor_peaks_small, pf_hell_entry_great_geh,
          nicolae_two_hexagons, grunt_ministairs_9
Depths:3: minmay_fractal_lines_corner, layout_honeycomb, serial_shops,
          shop_statue, serial_sigils_hangedman_etch, pf_hell_entry_tar_spiral,
          rand_demon_pan_entry_5, uniq_boris
Depths:4: minmay_the_grid_square_5x5_5x5 [minmay_the_grid_square_5x5_v,
          minmay_the_grid_square_5x5_lines,
          minmay_the_grid_square_5x5_three_small,
          minmay_the_grid_square_5x5_two, minmay_the_grid_square_5x5_six_small,
          minmay_the_grid_square_5x5_c, minmay_the_grid_square_5x5_prize_itemx,
          minmay_the_grid_square_5x5_minivault,
          minmay_the_grid_square_5x5_prize_snowflake,
          minmay_the_grid_square_5x5_bridge,
          minmay_the_grid_square_5x5_half_checkered,
          minmay_the_grid_square_5x5_checkered_sparse,
          minmay_the_grid_square_5x5_prize_gold,
          minmay_the_grid_square_5x5_two_walls_a,
          minmay_the_grid_square_5x5_longway,
          minmay_the_grid_square_5x5_eight_small,
          minmay_the_grid_square_5x5_prize_monsterx,
          minmay_the_grid_square_5x5_detours,
          minmay_the_grid_square_5x5_prize_open,
          minmay_the_grid_square_5x5_fancy_junction,
          minmay_the_grid_square_5x5_sharp_hourglass,
          minmay_the_grid_square_5x5_slash, minmay_the_grid_square_5x5_forky,
          minmay_the_grid_square_5x5_bracketed,
          minmay_the_grid_square_5x5_shuriken], layout_honeycomb, hell_entry,
          hangedman_abyss_entry_splay, small_statue_intersection,
          grunt_decor_cap, infiniplex_staircase_zigzag_4
Depths:5: grunt_zot_entry_gee_three, layout_gridville, minmay_strange_pillars,
          hell_entry, uniq_margery
Zot:1:    layout_misc_corridors, grunt_megastairs_2

Skill      XL: |  1  2  3  4  5  6  7  8  9 10 11 12 13 14 15 16 17 18 |
---------------+-------------------------------------------------------+-----
Fighting       | 3 4 5 6 7 8 9 10 11 13 | 13.4
Axes           | 3 4 5 6 8 9 11 14 16 17 18 | 18.0
Shields        | 4 5 6 7 8 9 11 12 13 14 | 14.6
Armour         | 4 5 6 7 8 9 11 12 13 14 | 14.6
Invocations    | 2 3 5 7 8 10 11 13 15 16 | 16.3
Evocations     | 6 9 10 | 10.0
Dodging        | 6 8 |  8.0

Action                   |  1- 3 |  4- 6 |  7- 9 | 10-12 | 13-15 | 16-18 || total
-------------------------+-------+-------+-------+-------+-------+-------++-------
Melee: War axe           |    67 |    87 |   477 |   276 |       |       ||   907
       Broad axe         |       |       |       |    16 |   967 |  1004 ||  1987
Invok: Lesser Servant of |       |       |     1 |     4 |    17 |    13 ||    35
       Greater Servant o |       |       |       |       |     1 |     7 ||     8
 Abil: Heal Wounds       |     1 |     5 |     8 |     1 |     9 |    30 ||    54
Evoke: Wand              |       |       |       |       |     3 |       ||     3
       Box of beasts     |       |       |       |       |       |     3 ||     3
  Use: Scroll            |       |       |    18 |     5 |    10 |    11 ||    44
       Potion            |       |       |       |     3 |     3 |     2 ||     8
 Stab: Held in net/web   |       |       |       |       |     2 |       ||     2
       Distracted        |       |       |       |       |     5 |    12 ||    17
       Confused          |       |       |       |       |       |     2 ||     2
Armor: Scale mail        |    35 |    34 |     3 |       |       |       ||    72
       Chain mail        |       |       |   211 |     7 |       |       ||   218
       Plate armour      |       |       |       |   110 |   700 |   968 ||  1778
Dodge: Dodged            |    14 |    37 |    88 |    39 |   199 |   300 ||   677
Block: Kite shield       |    34 |    45 |   337 |   253 |  1029 |   924 ||  2622
       Reflection        |       |       |     5 |    30 |    19 |    17 ||    71

Table legend: (Time is in decaauts)
 A = Elapsed time spent in this place.
 B = Non-inter-level travel time spent in this place.
 C = Inter-level travel time spent in this place.
 D = Time resting spent in this place.
 E = Time spent auto-exploring this place.
 F = Levels seen in this place.
 G = Mean time per level.
                   A        B        C        D        E       F      G
               +--------+--------+--------+--------+--------+-----+--------+
         Total |  15175 |  13339 |   1836 |      2 |   8250 |  39 |  389.1 |
       Dungeon |   9158 |   7966 |   1192 |      2 |   5498 |  15 |  610.5 |
        Temple |     41 |     29 |     12 |      0 |      5 |   1 |   41.0 |
          Lair |    853 |    721 |    132 |      0 |    618 |   2 |  426.5 |
         Swamp |    734 |    580 |    154 |      0 |    199 |   4 |  183.5 |
   Spider Nest |   1679 |   1403 |    276 |      0 |    589 |   4 |  419.8 |
  Orcish Mines |    854 |    818 |     36 |      0 |    618 |   2 |  427.0 |
        Depths |    792 |    760 |     32 |      0 |    412 |   5 |  158.4 |
           Zot |      8 |      8 |      0 |      0 |      0 |   1 |    8.0 |
         Abyss |    499 |    499 |      0 |      0 |    113 |   2 |  249.5 |
       Ossuary |    292 |    292 |      0 |      0 |    128 |   1 |  292.0 |
        Bailey |    169 |    169 |      0 |      0 |     49 |   1 |  169.0 |
      Gauntlet |     92 |     92 |      0 |      0 |     18 |   1 |   92.0 |
               +--------+--------+--------+--------+--------+-----+--------+

Top non-repeatable levels by time:
    D:10: 1202 daAuts
    D:11: 1027 daAuts
     D:9: 976 daAuts
     D:5: 915 daAuts
     D:6: 856 daAuts
  Lair:2: 782 daAuts
Spider:4: 751 daAuts
     D:8: 750 daAuts
     D:4: 721 daAuts
    D:12: 696 daAuts
     D:3: 514 daAuts
 Abyss:4: 498 daAuts
Spider:2: 480 daAuts
     D:7: 475 daAuts
   Orc:1: 442 daAuts
